 Dungeon Crawl Stone Soup version 0.29-a0-993-g4a18f31a58 (webtiles) character file.

Game seed: 17431664582442753949

189 siradein the Trooper (level 5, -4/59 HPs)
             Began as an Ogre Berserker on Aug 2, 2022.
             Was a Believer of Trog.
             Slain by a gnoll
             ... wielding a +0 spear
              (10 damage)
             ... on level 3 of the Dungeon.
             The game lasted 00:07:15 (2765 turns).

siradein the Trooper (Ogre Berserker)               Turns: 2765, Time: 00:07:15

Health: -4/59      AC:  3    Str: 21    XL:     5   Next: 68%
Magic:  5/5        EV: 10    Int:  8    God:    Trog [**....]
Gold:   139        SH:  0    Dex: 10    Spells: 4/4 levels left

rFire   . . .      SeeInvis .   a - +0 mace
rCold   . . .      Faith    .   (no shield)
rNeg    . . .      Spirit   .   b - +0 animal skin
rPois   .          Reflect  .   (helmet restricted)
rElec   .          Harm     .   (no cloak)
rCorr   .          Rampage  .   (gloves unavailable)
Will    .....                   (boots unavailable)
Stlth   +.........              (no amulet)
HPRegen 0.19/turn               (no ring)
MPRegen 0.09/turn               (no ring)

@: on berserk cooldown, slowed, very slow
A: large, unfitting armour, tough skin 1
a: Renounce Religion, Berserk, Trog's Hand


You were on level 3 of the Dungeon.
You worshipped Trog.
Trog was pleased with you.
You visited 1 branch of the dungeon, and saw 3 of its levels.

You collected 139 gold pieces.

Inventory:

Hand Weapons
 a - a +0 mace (weapon)
Missiles
 d - 11 stones (quivered)
 h - 2 silver boomerangs
Armour
 b - a +0 animal skin (worn)
Scrolls
 e - a scroll of identify {unknown}
 f - 2 scrolls of poison {unknown}
 i - a scroll of teleportation {unknown}
Potions
 c - a potion of attraction {unknown}
 g - a potion of lignification {unknown}


   Skills:
 + Level 5.7 Fighting
 * Level 4.8 Maces & Flails
 - Level 2.6 Dodging


You had 4 spell levels left.
You didn't know any spells.
Your spell library was empty.

Dungeon Overview and Level Annotations

Branches:
Dungeon (3/15)

Altars:

Annotations:
D:3 Ijyb


Innate Abilities, Weirdness & Mutations

You are too large for most types of armour.
You have tough skin. (AC +1)


Message History

You completely miss the gnoll.
The gnoll is severely wounded.
The gnoll hits you from afar with a +0 spear.
The gnoll closely misses you.
You sock the gnoll!
You kill the gnoll!
Trog accepts your kill. The gnoll closely misses you.
A ball python comes into view.
You completely miss the rat. The gnoll hits you but does no damage.
The rat bites you but does no damage.
You sock the rat!
You kill the rat!
Trog accepts your kill.
You closely miss the ball python.
You are no longer berserk.
You are exhausted.
You feel yourself slow down.
The gnoll hits you from afar with a +0 spear.
The ball python misses you.
You hit the ball python.
You kill the ball python!
Trog accepts your kill. The gnoll misses you.
Ijyb zaps a wand.
You resist with some effort.
The gnoll hits you from afar with a +0 spear.
* * * LOW HITPOINT WARNING * * *
You hit Ijyb.
Ijyb is lightly wounded.
The gnoll completely misses you. Ijyb hits you with a +0 club.
* * * LOW HITPOINT WARNING * * *
The gnoll misses you. Ijyb hits you with a +0 club.
* * * LOW HITPOINT WARNING * * *
You hit Ijyb but do no damage.
Ijyb is lightly wounded.
The gnoll barely misses you. Ijyb hits you with a +0 club.
* * * LOW HITPOINT WARNING * * *
You hit Ijyb but do no damage.
Ijyb is lightly wounded.
The gnoll hits you from afar with a +0 spear!
You die...

.....#
#.# ....#
#.# #.#
#.# #.#
#.# #?#
#)# #@#
#g# .g.
...##
.....
......
.......
#.#.#.#..


You could see Ijyb and a gnoll.

Vanquished Creatures
  An orc priest (D:3)
  A hound (D:2)
  3 gnolls (D:3)
  4 adders
  2 worms (D:2)
  A dart slug (D:1)
  4 orcs (D:3)
  4 endoplasms
  A giant cockroach (D:3)
  6 goblins
  6 hobgoblins
  4 jackals (D:2)
  2 kobolds (D:1)
  A quokka (D:1)
  3 ball pythons
  3 bats
  3 frilled lizards (D:1)
  5 rats
54 creatures vanquished.

Notes
Turn   | Place    | Note
-------+----------+-------------------------------------------
     0 | D:1      | siradein the Ogre Berserker began the quest for the Orb.
     0 | D:1      | Reached XP level 1. HP: 24/24 MP: 1/1
     7 | D:1      | You fall into a shaft and drop 1 floor!
    13 | D:2      | Noticed a hound
    26 | D:2      | Killed a hound
    27 | D:2      | Reached XP level 2. HP: 19/33 MP: 2/2
    27 | D:2      | Reached XP level 3. HP: 23/40 MP: 3/3
   741 | D:1      | Found a faded altar of an unknown god.
  1264 | D:2      | Reached XP level 4. HP: 26/49 MP: 4/4
  1447 | D:2      | Reached ** piety under Trog
  1483 | D:2      | Reached skill level 5 in Fighting
  2476 | D:3      | Reached XP level 5. HP: 57/57 MP: 5/5
  2756 | D:3      | Noticed Ijyb
  2765 | D:3      | Slain by a gnoll

Illustrated notes

Levels and vault maps discovered:
D:1:      scummos_arrival_simple_fountains, layout_rooms,
          dreamdust_ecumenical_altar_hidden_monk_grotto
D:2:      layout_basic, minmay_misc_feat_room
D:3:      kennysheep_big_flooded_room, layout_loops_ring,
          mainiacjoe_overflow_catch_the_wave, nicolae_overflow_crystal_walls,
          uniq_robin, uniq_ijyb

Skill      XL: |  1  2  3  4 |
---------------+-------------+-----
Maces & Flails | 3 4 |  4.8
Fighting       | 5 |  5.7
Dodging        | |  2.6

Action                   |  1- 3 |  4- 6 || total
-------------------------+-------+-------++-------
Melee: Mace              |    92 |   117 ||   209
       Punch             |     1 |     2 ||     3
Invok: Berserk           |       |     3 ||     3
Armor: Animal skin       |    49 |    31 ||    80
Dodge: Dodged            |    70 |    82 ||   152

Table legend: (Time is in decaauts)
 A = Elapsed time spent in this place.
 B = Non-inter-level travel time spent in this place.
 C = Inter-level travel time spent in this place.
 D = Time resting spent in this place.
 E = Time spent auto-exploring this place.
 F = Levels seen in this place.
 G = Mean time per level.
                   A        B        C        D        E       F      G
               +--------+--------+--------+--------+--------+-----+--------+
         Total |   2821 |   2761 |     60 |    151 |   2106 |   3 |  940.3 |
       Dungeon |   2821 |   2761 |     60 |    151 |   2106 |   3 |  940.3 |
               +--------+--------+--------+--------+--------+-----+--------+

Top non-repeatable levels by time:
     D:1: 1282 daAuts
     D:2: 1212 daAuts
     D:3: 327 daAuts
